 Dungeon Crawl Stone Soup version 0.20.0-15-g7f486f2 (webtiles) character file.

86 manyhoops the Firebug (level 4, -1/27 HPs)
             Began as an Octopode Fire Elementalist on June 20, 2017.
             Slain by Pikel
             ... wielding a +1 whip of freezing
              (9 damage)
             ... on level 3 of the Dungeon.
             The game lasted 00:06:34 (2736 turns).

manyhoops the Firebug (Octopode Fire Elementalist)  Turns: 2736, Time: 00:06:35

Health: -1/27      AC:  1    Str:  9    XL:     4   Next: 50%
Magic:  3/7        EV: 13    Int: 20    God:
Gold:   145        SH:  0    Dex: 12    Spells: 1/7 levels left

rFire    . . .     SeeInvis .   o - +0 blowgun (curse)
rCold    + . .     Gourm    .   (no shield)
rNeg     . . .     Faith    .   (helmet restricted)
rPois    .         Spirit   .   c - amulet of magic regeneration
rElec    .         Reflect  .   d - ring of protection from cold
rCorr    .         Harm     .   (no ring)
MR       .....                  (no ring)
Stlth    +++.......             (no ring)
Regen    0.1/turn               (no ring)
MPRegen  0.2/turn               (no ring)
                                (no ring)
                                (no ring)

@: very slightly contaminated
A: almost no armour, stealthy swim, amphibious, 8 rings, constrict 8, tentacle
spike 1, camouflage 1, clever 1, strong 1, gelatinous body 1
a: no special abilities


You were on level 3 of the Dungeon.
You were not hungry.

You visited 1 branch of the dungeon, and saw 4 of its levels.

You collected 145 gold pieces.

Inventory:

Hand Weapons
 k - a +2 spear of piercing
 o - a cursed +0 blowgun (weapon)
Missiles
 p - 2 poisoned needles (quivered)
Jewellery
 c - an amulet of magic regeneration (around mantle)
 d - a ring of protection from cold (left tentacle)
 n - a +2 ring of protection {unknown}
Scrolls
 g - 3 scrolls of enchant armour {unknown}
 h - a scroll of fog {unknown}
 j - a scroll of identify {unknown}
 l - a scroll of magic mapping {unknown}
 m - a scroll of remove curse {unknown}
Potions
 i - 3 potions of curing
 q - a potion of resistance {unknown}
 r - a potion of mutation
Books
 a - a book of Flames

   Spells                             Type                      Level
   a - Flame Tongue                   Conjuration/Fire             1
   b - Throw Flame                    Conjuration/Fire             2
   c - Conjure Flame                  Conjuration/Fire             3
   d - Inner Flame                    Hexes/Fire                   3
   e - Sticky Flame                   Conjuration/Fire             4
   f - Fireball                       Conjuration/Fire             5
Comestibles
 b - 5 bread rations
 f - 2 royal jellies


   Skills:
 - Level 2.0 Dodging
 - Level 2.6 Stealth
 - Level 2.0 Spellcasting
 * Level 1.7 Conjurations
 + Level 4.9 Fire Magic


You had one spell level left.
You knew the following spells:

 Your Spells              Type           Power        Failure   Level  Hunger
a - Flame Tongue          Conj/Fire      ###..        4%          1    #......
b - Throw Flame           Conj/Fire      ###...       6%          2    ##.....
c - Conjure Flame         Conj/Fire      ###.....     12%         3    ###....


Dungeon Overview and Level Annotations

Branches:
Dungeon (4/15)
 Temple: D:4-7

Altars:
The Shining One

Annotations:
D:3 Pikel
D:4 cereshysteria's ghost, amateur GrMo


Innate Abilities, Weirdness & Mutations

You cannot wear most types of armour.
You are very stealthy in the water. (Stealth+)
You are amphibious.
You can wear up to eight rings at the same time.
You can use your tentacles to constrict eight enemies at once.
Your skin changes colour to match your surroundings (Stealth+).
Your rubbery body absorbs attacks. (AC +1, EV +1)
One of your tentacles bears a spike.
Your mind is acute. (Int +2)
Your muscles are strong. (Str +2)


Message History

Press: ? - help, Shift-Dir - straight line, f/p - Pikel
Aim: Pikel, wielding a whip of freezing and wearing a robe (severely wounded)
You shoot a poisoned needle.
The poisoned needle closely misses Pikel.
Pikel says, "Slavery isn't that bad."
Firing (i - inventory):
p - 4 poisoned needles (quivered)
Press: ? - help, Shift-Dir - straight line, f/p - Pikel
Aim: Pikel, wielding a whip of freezing and wearing a robe (severely wounded)
You shoot a poisoned needle. The poisoned needle hits Pikel.
Pikel is poisoned.
Pikel is severely wounded.
Pikel closely misses you.
Pikel looks more healthy.
Firing (i - inventory):
p - 3 poisoned needles (quivered)
Press: ? - help, Shift-Dir - straight line, f/p - Pikel
Aim: Pikel, wielding a whip of freezing and wearing a robe (severely wounded)
You shoot a poisoned needle. The poisoned needle hits Pikel.
Pikel is poisoned.
Pikel is severely wounded.
Pikel says, "You'll feel the lick of my whip!"
Pikel hits you with a whip of freezing!
You die...

#.........(..#..#.##.##.#
#............#..#.##.##.#
#............#..#.##.##.#####
#............#..#.#..........
#.##.......#.#..#.#..##.#####
#.##########.#..#.#..##.#
#........# #.#..#.#.....#####
########.# #K#....#.........#
#.# #@#.############.#
#.###.#<......# #.#
#.....#.#####.# #.#
#######.#####.# #.# #.......#
#.# #.####### #.. ### ###


You could see Pikel.

Vanquished Creatures
  4 adders (D:3)
  A worm (D:2)
  A dart slug (D:3)
  An orc (D:4)
  A giant cockroach (D:3)
  6 goblins
  5 hobgoblins
  2 jackals (D:1)
  6 kobolds
  A quokka (D:2)
  5 bats
  2 frilled lizards
  10 rats
45 creatures vanquished.

Notes
Turn   | Place    | Note
-------+----------+-------------------------------------------
     0 | D:1      | manyhoops the Octopode Fire Elementalist began the quest for the Orb.
     0 | D:1      | Reached XP level 1. HP: 11/11 MP: 3/3
    91 | D:1      | Reached XP level 2. HP: 11/17 MP: 3/5
   417 | D:1      | Learned a level 2 spell: Throw Flame
   907 | D:1      | Reached skill level 4 in Fire Magic
  1267 | D:2      | Reached XP level 3. HP: 13/21 MP: 3/6
  1520 | D:2      | Found a glowing golden altar of the Shining One.
  1662 | D:3      | Learned a level 3 spell: Conjure Flame
  1847 | D:3      | Reached XP level 4. HP: 24/27 MP: 7/7
  2522 | D:4      | Noticed a slave
  2522 | D:4      | Noticed a slave
  2523 | D:4      | Noticed a slave
  2524 | D:4      | Noticed a slave
  2676 | D:4      | Noticed Pikel
  2676 | D:4      | Noticed cereshysteria's ghost (amateur GrMo)
  2711 | D:3      | Gained mutation: One of your tentacles bears a spike. [potion of mutation]
  2711 | D:3      | Gained mutation: Your mind is acute. (Int +2) [potion of mutation]
  2711 | D:3      | Gained mutation: Your muscles are strong. (Str +2) [potion of mutation]
  2736 | D:3      | Slain by Pikel

Skill      XL: |  1  2 |
---------------+-------+-----
Fire Magic     | 4 |  4.9
Dodging        | |  2.0
Stealth        | |  2.6
Spellcasting   | |  2.0
Conjurations   | |  1.7

Action                   |  1- 3 |  4- 6 || total
-------------------------+-------+-------++-------
Melee: Unarmed           |     7 |       ||     7
       Constrict         |    14 |     3 ||    17
       Tentacles         |     8 |     3 ||    11
       Dagger            |    22 |       ||    22
       Spear             |    43 |    30 ||    73
 Fire: Blowgun           |       |     3 ||     3
 Cast: Flame Tongue      |    12 |     8 ||    20
       Throw Flame       |     3 |     2 ||     5
       Conjure Flame     |     1 |     4 ||     5
  Use: Potion            |     1 |     1 ||     2
       Scroll            |       |     1 ||     1
 Stab: Sleeping          |     5 |     1 ||     6
  Eat: Bread ration      |     1 |       ||     1
       Chunk             |       |     2 ||     2
Armor: Skin              |     7 |       ||     7
Dodge: Dodged            |    38 |     8 ||    46
